 Dungeon Crawl Stone Soup version 0.26-a0-852-g6321bf7485 (webtiles) character file.

Game seed: 7860392012509622284

871 leviel the Cudgeller (level 8, -2/49 HPs)
             Began as a Gargoyle Fighter on Nov 21, 2020.
             Was an Initiate of Sif Muna.
             Slain by an ogre
             ... wielding a +0 giant spiked club
              (25 damage)
             ... on level 5 of the Dungeon.
             The game lasted 00:08:48 (4186 turns).

leviel the Cudgeller (Gargoyle Fighter)             Turns: 4186, Time: 00:08:48

Health: -2/49      AC: 13    Str: 21    XL:     8   Next: 3%
Magic:  0/8        EV:  9    Int:  8    God:    Sif Muna [......]
Gold:   206        SH: 11    Dex: 19    Spells: 7/7 levels left

rFire    . . .     SeeInvis .   a - +0 flail
rCold    . . .     Faith    .   c - +0 kite shield
rNeg     + . .     Spirit   +   b - +0 scale mail
rPois    ∞         Reflect  .   (no helmet)
rElec    +         Harm     .   p - scarf {repulsion}
rCorr    .         Rampage  .   (no gloves)
MR       .....                  (no boots)
Stlth    +.........             d - amulet of guardian spirit
HPRegen  0.16/turn              m - +6 ring of dexterity
MPRegen  0.11/turn              (no ring)

@: repel missiles
A: agile 1, negative energy resistance 1, electricity resistance, unbreathing,
evolution 1, petrification resistance, rot immunity, MP-powered wands, AC +5
a: Renounce Religion


You were on level 5 of the Dungeon.
You worshipped Sif Muna.
Sif Muna was noncommittal.
You visited 1 branch of the dungeon, and saw 5 of its levels.

You collected 206 gold pieces.

Inventory:

Hand Weapons
 a - a +0 flail (weapon)
Armour
 b - a +0 scale mail (worn)
 c - a +0 kite shield (worn)
 p - a scarf of repulsion (worn)
Jewellery
 d - an amulet of guardian spirit (around neck)
 m - a +6 ring of dexterity (left hand)
Wands
 i - a wand of flame (12)
Scrolls
 e - 2 scrolls of identify
 f - 3 scrolls of teleportation
 h - 2 scrolls of remove curse
 k - a scroll of enchant weapon
 q - a scroll of immolation {unknown}
 r - a scroll of fear {unknown}
Potions
 g - a potion of flight
 j - a potion of curing
 l - 3 potions of heal wounds
 n - a potion of magic
 o - a potion of might


   Skills:
 * Level 5.0 Fighting
 + Level 5.4 Maces & Flails
 + Level 5.2 Armour
 + Level 2.0 Dodging
 + Level 1.3 Stealth
 + Level 5.3 Shields


You had 7 spell levels left.
You didn't know any spells.
Your spell library was empty.

Dungeon Overview and Level Annotations

Branches:
Dungeon (5/15)
 Temple: D:4-7

Altars:
Dithmenos
Ru
Sif Muna
Zin

Shops:
D:4 :


Innate Abilities, Weirdness & Mutations

You are resistant to torment.
Your stone body is resilient. (AC +5)
You are immune to poison.
You resist negative energy. (rN+)
You are resistant to electric shocks. (rElec)
You can survive without breathing.
You are immune to petrification.
You are immune to rotting.
You are agile. (Dex +2)
You evolve.
You expend magic power (3 MP) to strengthen your wands.


Message History

You are too injured to fight recklessly!
You are too injured to fight recklessly!
You are too injured to fight recklessly!
You are too injured to fight recklessly!
You are too injured to fight recklessly!
You are too injured to fight recklessly!
You are too injured to fight recklessly!
You are too injured to fight recklessly!
You are too injured to fight recklessly!
You are too injured to fight recklessly!
You hit the ogre but do no damage.
The ogre is heavily wounded.
The ogre barely misses you.
You barely miss the ogre.
The ogre is heavily wounded.
You thump the ogre!
The ogre is severely wounded.
The ogre hits you with a +0 giant spiked club!!
Ouch! That really hurt!
You die...

#.. ........ #.#
#...... #.#
#..#.. #.# #....
#.# +... #.#
#..# # #.#
#†.#.###
#.###+###@.....#
#.......†O.....#
##.###..##.....#
#.# ##.# .....#
#.####.# .....#
#......########
#.......#
#.#####<#
#.#####.#####.#


You could see an ogre.

Vanquished Creatures
  Duvessa (D:4)
  A black bear (D:3)
  An ogre (D:4)
  Blork the orc (D:4)
  A bullfrog (D:4)
  Dowan (D:4)
  2 hounds (D:4)
  Jessica (D:3)
  Terence (D:3)
  3 worker ants
  Robin (D:3)
  10 adders
  3 gnolls (D:2)
  An adder skeleton (D:4)
  2 worms (D:3)
  3 dart slugs
  A leopard gecko (D:4)
  2 orcs (D:3)
  6 giant cockroaches
  18 goblins
  10 hobgoblins
  4 jackals
  A ball python (D:5)
  5 bats
  8 frilled lizards
  A jackal skeleton (D:4)
  7 kobolds
  2 quokka skeletons (D:4)
  11 rats
109 creatures vanquished.

Notes
Turn   | Place    | Note
-------+----------+-------------------------------------------
     0 | D:1      | leviel the Gargoyle Fighter began the quest for the Orb.
     0 | D:1      | Reached XP level 1. HP: 14/14 MP: 1/1
   167 | D:1      | Reached XP level 2. HP: 19/19 MP: 2/2
   746 | D:2      | Found a shadowy altar of Dithmenos.
   763 | D:2      | Reached XP level 3. HP: 23/23 MP: 3/3
   905 | D:2      | Reached XP level 4. HP: 21/29 MP: 4/4
  1178 | D:2      | Found a glowing silver altar of Zin.
  1230 | D:2      | Reached XP level 5. HP: 14/33 MP: 5/5
  1723 | D:3      | Gained mutation: You are clumsy. (Dex -2) [potion of
                  | mutation]
  1723 | D:3      | Gained mutation: Your mind is acute. (Int +2) [potion of
                  | mutation]
  1730 | D:3      | Noticed a black bear
  1731 | D:3      | Noticed Jessica
  1745 | D:3      | Killed a black bear
  1746 | D:3      | Reached skill level 1 in Dodging
  1753 | D:3      | Killed Jessica
  1754 | D:3      | Reached XP level 6. HP: 10/38 MP: 6/6
  1793 | D:3      | Noticed Robin
  1799 | D:3      | Reached skill level 1 in Stealth
  2126 | D:4      | Lost mutation: Your mind is acute. (Int +2) [potion of
                  | mutation]
  2126 | D:4      | Lost mutation: You are clumsy. (Dex -2) [potion of
                  | mutation]
  2126 | D:4      | Gained mutation: You evolve. [potion of mutation]
  2126 | D:4      | Gained mutation: You expend magic power (3 MP) to
                  | strengthen your wands. [potion of mutation]
  2138 | D:4      | Noticed Duvessa
  2138 | D:4      | Noticed Dowan
  2159 | D:4      | Killed Duvessa
  2179 | D:4      | Killed Dowan
  2180 | D:4      | Reached skill level 5 in Shields
  2301 | D:4      | Gained mutation: You are agile. (Dex +2) [evolution]
  2471 | D:4      | Reached XP level 7. HP: 42/44 MP: 5/7
  2781 | D:4      | Found Wiuproel's Book Shoppe.
  2817 | D:4      | Found a sacrificial altar of Ru.
  2855 | D:4      | Noticed Blork the orc
  2873 | D:4      | Killed Blork the orc
  3190 | D:4      | Reached skill level 5 in Maces & Flails
  3190 | D:4      | Reached skill level 5 in Armour
  3672 | D:3      | Killed Robin
  3872 | D:3      | Noticed Terence
  3884 | D:3      | Killed Terence
  3885 | D:3      | Reached XP level 8. HP: 48/48 MP: 8/8
  4016 | D:3      | Found a shimmering blue altar of Sif Muna.
  4039 | D:3      | Became a worshipper of Sif Muna the Loreminder
  4144 | D:5      | Entered Level 5 of the Dungeon
  4178 | D:5      | Reached skill level 5 in Fighting
  4186 | D:5      | Slain by an ogre

Illustrated notes

Levels and vault maps discovered:
D:1:      dpeg_arrival_court, layout_loops_ring
D:2:      layout_loops_ring, zin_academy, grunt_dithmenos_smoke_and_mirrors
D:3:      layout_basic, lemuel_coloured_pillars_altar, uniq_terence, uniq_robin,
          uniq_jessica
D:4:      layout_basic, nicolae_ru_great_annihilating_truth, serial_shops,
          kennysheep_mini, nrook_mini_vaults, uniq_blork_the_orc, uniq_duvessa
D:5:      layout_loops_cross, lemuel_doored_altar, basic_altar,
          tgw_kikubaaqudgha

Skill      XL: |  1  2  3  4  5  6  7  8 |
---------------+-------------------------+-----
Shields        | 4 5 |  5.3
Maces & Flails | 3 4 5 |  5.4
Fighting       | 4 5 |  5.0
Dodging        | 1 2 |  2.0
Armour         | 4 5 |  5.2
Stealth        | 1 |  1.3

Action                   |  1- 3 |  4- 6 |  7- 9 || total
-------------------------+-------+-------+-------++-------
Melee: Flail             |   111 |   142 |   146 ||   399
  Use: Potion            |       |     5 |       ||     5
       Scroll            |       |     3 |     4 ||     7
 Stab: Paralysed         |       |       |     1 ||     1
Armor: Scale mail        |    53 |    99 |    42 ||   194
Dodge: Dodged            |    35 |    60 |    46 ||   141
Block: Kite shield       |    63 |    96 |    69 ||   228

Table legend: (Time is in decaauts)
 A = Elapsed time spent in this place.
 B = Non-inter-level travel time spent in this place.
 C = Inter-level travel time spent in this place.
 D = Time resting spent in this place.
 E = Time spent auto-exploring this place.
 F = Levels seen in this place.
 G = Mean time per level.
                   A        B        C        D        E       F      G
               +--------+--------+--------+--------+--------+-----+--------+
         Total |   4287 |   4150 |    137 |    707 |   2585 |   5 |  857.4 |
       Dungeon |   4287 |   4150 |    137 |    707 |   2585 |   5 |  857.4 |
               +--------+--------+--------+--------+--------+-----+--------+

Top non-repeatable levels by time:
     D:4: 1614 daAuts
     D:2: 1003 daAuts
     D:3: 851 daAuts
     D:1: 774 daAuts
     D:5: 43 daAuts
